 Dungeon Crawl Stone Soup version 0.22-a0-580-gd5db89c (webtiles) character file.

35 varam the Sneak (level 3, -1/21 HPs)
             Began as an Octopode Wizard on July 3, 2018.
             Slain by a hound (5 damage)
             ... on level 2 of the Dungeon.
             The game lasted 00:01:43 (1345 turns).

varam the Sneak (Octopode Wizard)                   Turns: 1345, Time: 00:01:44

Health: -1/21      AC:  1    Str:  6    XL:     3   Next: 35%
Magic:  7/7        EV: 13    Int: 21    God:
Gold:   104        SH:  0    Dex: 10    Spells: 3/8 levels left

rFire    . . .     SeeInvis .   l - +0 rapier
rCold    . . .     Gourm    .   (no shield)
rNeg     . . .     Faith    .   a - +0 hat
rPois    .         Spirit   .   (no amulet)
rElec    .         Reflect  .   f - ring of wizardry
rCorr    .         Harm     .   (no ring)
MR       .....                  (no ring)
Stlth    +++.......             (no ring)
HPRegen  0.07/turn              (no ring)
MPRegen  0.10/turn              (no ring)
                                (no ring)
                                (no ring)

@: no status effects
A: almost no armour, stealthy swim, amphibious, 8 rings, constrict 8, camouflage
1, gelatinous body 1
a: no special abilities


You were on level 2 of the Dungeon.
You were not hungry.

You visited 1 branch of the dungeon, and saw 2 of its levels.

You collected 104 gold pieces.

Inventory:

Hand Weapons
 h - a +0 short sword
 l - a +0 rapier (weapon)
 n - a +2 dagger of flaming
Armour
 a - a +0 hat (worn)
Jewellery
 f - a ring of wizardry (left tentacle)
Scrolls
 b - a scroll of fear {unknown}
 d - a scroll of identify {unknown}
 g - 4 scrolls of remove curse {unknown}
 i - a scroll of blinking {unknown}
 j - 2 scrolls of magic mapping {unknown}
 k - a scroll of fog {unknown}
Potions
 c - a potion of curing {unknown}
Comestibles
 e - 4 rations
 m - a chunk of flesh


   Skills:
 - Level 2.0 Dodging
 + Level 4.1 Stealth
 - Level 3.0 Spellcasting
 + Level 2.3 Conjurations
 - Level 1.0 Summonings
 - Level 1.0 Translocations


You had 3 spell levels left.
You knew the following spells:

 Your Spells              Type           Power        Failure   Level  Hunger
a - Magic Dart            Conj           ##..         2%          1    None
b - Call Imp              Summ           #.......     5%          2    ##.....
c - Blink                 Tloc           N/A          5%          2    ##.....

Your spell library contained the following spells:

 Spells                   Type           Power        Failure   Level  Hunger
 Conjure Flame            Conj/Fire      #.......     11%         3    ###....
 Slow                     Hex            #.......     9%          2    ##.....
 Mephitic Cloud           Conj/Pois/Air  #.......     12%         3    ###....


Dungeon Overview and Level Annotations

Branches:
Dungeon (2/15)

Altars:


Innate Abilities, Weirdness & Mutations

You cannot wear most types of armour.
You are very stealthy in the water. (Stealth+)
You are amphibious.
You can wear up to eight rings at the same time.
You can use your tentacles to constrict eight enemies at once.
Your skin changes colour to match your surroundings (Stealth+).
Your rubbery body absorbs attacks. (AC +1, EV +1)


Message History

The hound bites you. The hound misses you.
The hobgoblin shouts!
You hit the hound. Your grab misses the hound.
The hound is heavily wounded.
You hear a shout!
The hound bites you. The rat bites you but does no damage.
A kobold comes into view.
The hobgoblin hits you with a club. The hound closely misses you.
The rat closely misses you.
You closely miss the hound. Your grab misses the hound.
The hound is heavily wounded.
The hound barely misses you. The hobgoblin misses you. The hound bites you.
The rat barely misses you. The hobgoblin closely misses you.
You barely miss the hound. Your grab misses the hound.
The hound is heavily wounded.
The hound bites you.
* * * LOW HITPOINT WARNING * * *
An adder comes into view.
The rat barely misses you. The hound bites you.
You die...

.# #.# #.# #.#
# ### #.#
S##.# #.###.#
....K.##...#.#
#r@##...#
#gh####.#
..##. #.#
##.##.# #.#
##.### #.# ..#
#.# #.# #.#
#.# #.#
##.#####.#


You could see a hound, an adder (wandering), a hobgoblin, a kobold and a rat.

Vanquished Creatures
  An adder (D:2)
  A worm (D:2)
  A dart slug (D:2)
  A giant cockroach (D:2)
  4 goblins
  2 hobgoblins (D:1)
  3 bats (D:2)
  2 frilled lizards (D:1)
  3 kobolds
  6 rats (D:1)
24 creatures vanquished.

Notes
Turn   | Place    | Note
-------+----------+-------------------------------------------
     0 | D:1      | varam the Octopode Wizard began the quest for the Orb.
     0 | D:1      | Reached XP level 1. HP: 11/11 MP: 4/4
    68 | D:1      | Reached skill level 3 in Stealth
   151 | D:1      | Reached XP level 2. HP: 11/17 MP: 6/6
   800 | D:2      | Reached skill level 4 in Stealth
   800 | D:2      | Reached XP level 3. HP: 17/21 MP: 5/7
   980 | D:2      | Learned a level 2 spell: Call Imp
   983 | D:2      | Learned a level 2 spell: Blink
  1345 | D:2      | Slain by a hound

Vault maps used:
D:1:      mushboom_english_gardens, minmay_misc_feat_ornament
D:2:      st_stairs_7

Skill      XL: |  1  2 |
---------------+-------+-----
Stealth        | 3 4 |  4.1
Conjurations   | 2 |  2.3
Dodging        | |  2.0
Spellcasting   | |  3.0
Summonings     | |  1.0
Translocations | |  1.0

Action                   || total
-------------------------++-------
Melee: Unarmed           ||    10
       Short sword       ||    15
       Constrict         ||    10
       Tentacles         ||     4
       Rapier            ||    22
 Cast: Magic Dart        ||    11
 Stab: Sleeping          ||     7
  Eat: Chunk             ||     1
Armor: Skin              ||     5
Dodge: Dodged            ||    26

Table legend:
 A = Spawn XP
 B = Non-spawn XP
 C = Spawn XP percentage of total XP
 D = Spawn monster count
 E = Non-spawn monster count
 F = Spawn count percentage of total count
 G = Total turns spent on level
                    A         B        C        D         E        F      G
               +---------+---------+-------+---------+---------+-------+---------
         Total |       0 |      51 |   0.0 |       0 |      24 |   0.0 |  1345
               +---------+---------+-------+---------+---------+-------+---------
           D:1 |       0 |      18 |   0.0 |       0 |      14 |   0.0 |   621
           D:2 |       0 |      33 |   0.0 |       0 |      10 |   0.0 |   724
               +---------+---------+-------+---------+---------+-------+---------
